CRL
GREENSBORO HORNETS @ ROCKY MOUNT LEAFS
07/06/1982
 
TOP OF THE 1ST
Greensboro Hornets batting - Pitching for Rocky Mount Leafs : RHP Scott Patterson
Pitching: RHP Scott Patterson
Batting: LHB Francisco Melendez 0-0: Ball
1-0: Called Strike
1-1: Ball
2-1: Ball
3-1: Called Strike
3-2: Foul Ball, location: 2F
3-2: Fly out, F8 (Flyball, 8RD, EV 95.0 MPH)
Batting: SHB Mark Bailey 0-0: Foul Ball, location: 2F
0-1: Ball
1-1: Swinging Strike
1-2: Ball
2-2: Strikes out swinging
Batting: LHB Preston Cash 0-0: Swinging Strike
0-1: Ball
1-1: Foul Ball, location: 2F
1-2: Ball
2-2: Strikes out swinging
Top of the 1st over - 0 runs, 0 hits, 0 errors, 0 left on base; Greensboro 0 - Rocky Mount 0
BOTTOM OF THE 1ST
Rocky Mount Leafs batting - Pitching for Greensboro Hornets : RHP Mark Dacko
Pitching: RHP Mark Dacko
Batting: LHB Ronald Naclerio 0-0: Ball
1-0: Foul Ball, location: 2F
1-1: Called Strike
1-2: Strikes out looking
Batting: RHB James Camacho 0-0: Foul Ball, location: 2F
0-1: Fly out, F9 (Line Drive, 9, EV 94.4 MPH)
Batting: LHB Oscar Ramirez 0-0: Called Strike
0-1: Called Strike
0-2: Strikes out swinging
Bottom of the 1st over - 0 runs, 0 hits, 0 errors, 0 left on base; Greensboro 0 - Rocky Mount 0
TOP OF THE 2ND
Greensboro Hornets batting - Pitching for Rocky Mount Leafs : RHP Scott Patterson
Batting: RHB Greg Jelks 0-0: Ball
1-0: Called Strike
1-1: DOUBLE (Line Drive, 7LS, EV 105.6 MPH)
Batting: RHB Bernardo Brito 0-0: Called Strike
0-1: Fly out, F7 (Flyball, 78D, EV 88.1 MPH)
Batting: RHB Ed Romero 0-0: Ball
1-0: Ball
2-0: SINGLE (Groundball, 56D, EV 96.9 MPH)
Greg Jelks to third
Runner from 3rd tries for Home, SAFE, throw by LF to home
Ed Romero to second
Batting: RHB Alexis Infante 0-0: Called Strike
0-1: Swinging Strike
0-2: Strikes out swinging
Batting: RHB John Lohse 0-0: Called Strike
0-1: Fly out, F8 (Flyball, 89S, EV 90.0 MPH)
Top of the 2nd over - 1 run, 2 hits, 0 errors, 1 left on base; Greensboro 1 - Rocky Mount 0
BOTTOM OF THE 2ND
Rocky Mount Leafs batting - Pitching for Greensboro Hornets : RHP Mark Dacko
Batting: RHB Glen Bockhorn 0-0: Ball
1-0: Called Strike
1-1: Ball
2-1: Called Strike
2-2: Strikes out looking
Batting: SHB Keith Spreckels 0-0: Foul Ball, location: 2F
0-1: Ball
1-1: Fly out, F7 (Flyball, 7D, EV 103.1 MPH)
Batting: RHB Kevin McGann 0-0: Ball
1-0: Foul Ball, location: 2F
1-1: Ball
2-1: DOUBLE (Flyball, 8RXD, EV 95.6 MPH)
Batting: RHB Blane McDonald 0-0: Foul Ball, location: 2F
0-1: Foul Ball, location: 2F
0-2: SINGLE (Groundball, 56D, EV 93.8 MPH)
Kevin McGann to third
Runner from 3rd tries for Home, SAFE, throw by LF to home
Batting: RHB Sergio Loya 0-0: Fly out, F8 (Flyball, 8LS, EV 83.1 MPH)
Bottom of the 2nd over - 1 run, 2 hits, 0 errors, 1 left on base; Greensboro 1 - Rocky Mount 1
TOP OF THE 3RD
Greensboro Hornets batting - Pitching for Rocky Mount Leafs : RHP Scott Patterson
Batting: RHB Craig Hendrickson 0-0: Ball
1-0: Fly out, F7 (Line Drive, 7, EV 83.1 MPH)
Batting: LHB Francisco Melendez 0-0: Called Strike
0-1: Foul Ball, location: 2F
0-2: Foul Ball, location: 2F
0-2: Strikes out looking
Batting: SHB Mark Bailey 0-0: Ground out U3 (Groundball, 3S, EV 82.5 MPH)
Top of the 3rd over - 0 runs, 0 hits, 0 errors, 0 left on base; Greensboro 1 - Rocky Mount 1
BOTTOM OF THE 3RD
Rocky Mount Leafs batting - Pitching for Greensboro Hornets : RHP Mark Dacko
Batting: RHB Tom Goffena 0-0: Ball
1-0: Called Strike
1-1: Swinging Strike
1-2: Ground out 4-3 (Groundball, 4, EV 78.8 MPH)
Batting: LHB Ronald Naclerio 0-0: Ball
1-0: Ball
2-0: Ball
3-0: Called Strike
3-1: Swinging Strike
3-2: Base on Balls
Batting: RHB James Camacho 0-0: Ball
1-0: Ball
2-0: Ball
3-0: Called Strike
3-1: Foul Ball, location: 2F
3-2: Foul Ball, location: 2F
3-2: Fly out, F6 (Flyball, 56D, EV 86.9 MPH)
Batting: LHB Oscar Ramirez 0-0: Called Strike
Ronald Naclerio steals 2nd base
0-1: Swinging Strike
0-2: Ball
1-2: Fly out, F8 (Flyball, 8LM, EV 85.6 MPH)
Bottom of the 3rd over - 0 runs, 0 hits, 0 errors, 1 left on base; Greensboro 1 - Rocky Mount 1
TOP OF THE 4TH
Greensboro Hornets batting - Pitching for Rocky Mount Leafs : RHP Scott Patterson
Batting: LHB Preston Cash 0-0: Ball
1-0: Ball
2-0: Ball
3-0: Called Strike
3-1: Foul Ball, location: 2F
3-2: Strikes out swinging
Batting: RHB Greg Jelks 0-0: Ball
1-0: Ball
2-0: Ball
3-0: Called Strike
3-1: Base on Balls
Batting: RHB Bernardo Brito 0-0: Ball
1-0: Foul Ball, location: 2F
1-1: Swinging Strike
1-2: SINGLE (Line Drive, 9S, EV 107.5 MPH)
Greg Jelks to second
Batting: RHB Ed Romero 0-0: Swinging Strike
0-1: Ball
1-1: Called Strike
1-2: Foul Ball, location: 2F
1-2: Strikes out swinging
Batting: RHB Alexis Infante 0-0: Ball
1-0: Ball
2-0: Ball
3-0: Called Strike
3-1: Called Strike
3-2: Ground out 6-3 (Groundball, 6, EV 89.4 MPH)
Top of the 4th over - 0 runs, 1 hit, 0 errors, 2 left on base; Greensboro 1 - Rocky Mount 1
BOTTOM OF THE 4TH
Rocky Mount Leafs batting - Pitching for Greensboro Hornets : RHP Mark Dacko
Batting: RHB Glen Bockhorn 0-0: Called Strike
0-1: Ball
1-1: Ball
2-1: SINGLE (Groundball, 6MD, EV 105.0 MPH)
Batting: SHB Keith Spreckels 0-0: Ball
1-0: Swinging Strike
1-1: Called Strike
1-2: Foul Ball, location: 2F
1-2: Ball
2-2: Strikes out swinging
Batting: RHB Kevin McGann 0-0: Called Strike
0-1: Called Strike
0-2: Ball
1-2: Ball
2-2: Reached on error, E6 (Groundball, 6, EV 86.9 MPH)
Glen Bockhorn to second
Batting: RHB Blane McDonald 0-0: Ball
1-0: SINGLE (Line Drive, 6D, EV 95.0 MPH)
Glen Bockhorn to third
Kevin McGann to second
Runner from 3rd tries for Home, throw by LF and OUT! 7-2
Batting: RHB Sergio Loya 0-0: Called Strike
0-1: Foul Ball, location: 2F
0-2: Ball
Wild Pitch!
Kevin McGann to third
Blane McDonald to second
1-2: Fly out, F8 (Line Drive, 8LM, EV 90.6 MPH)
Bottom of the 4th over - 0 runs, 2 hits, 1 error, 2 left on base; Greensboro 1 - Rocky Mount 1
TOP OF THE 5TH
Greensboro Hornets batting - Pitching for Rocky Mount Leafs : RHP Scott Patterson
Batting: RHB John Lohse 0-0: Ball
1-0: Foul Ball, location: 2F
1-1: Fly out, F9 (Line Drive, 9, EV 98.8 MPH)
Batting: RHB Craig Hendrickson 0-0: Ball
1-0: Ball
2-0: Ball
3-0: Base on Balls
Batting: LHB Francisco Melendez 0-0: Called Strike
0-1: Ball
1-1: Ground out 4-3 (Groundball, 34, EV 106.3 MPH)
Craig Hendrickson to second
Batting: SHB Mark Bailey 0-0: Foul Ball, location: 2F
0-1: Foul Ball, location: 2F
0-2: Ball
1-2: Ball
2-2: Foul Ball, location: 2F
2-2: Foul Ball, location: 2F
2-2: Ground out 3-1 (Groundball, 34, EV 102.5 MPH)
Top of the 5th over - 0 runs, 0 hits, 0 errors, 1 left on base; Greensboro 1 - Rocky Mount 1
BOTTOM OF THE 5TH
Rocky Mount Leafs batting - Pitching for Greensboro Hornets : RHP Mark Dacko
Batting: RHB Tom Goffena 0-0: Called Strike
0-1: SINGLE (Line Drive, 8RS, EV 104.4 MPH)
Batting: LHB Ronald Naclerio 0-0: Ball
Tom Goffena is caught stealing 2nd base 2-6
1-0: Ball
2-0: Called Strike
2-1: Ball
3-1: Base on Balls
Batting: RHB James Camacho 0-0: Ball
1-0: Ball
2-0: Called Strike
2-1: Called Strike
2-2: SINGLE (Line Drive, 8RS, EV 103.1 MPH)
Ronald Naclerio to second
Batting: LHB Oscar Ramirez 0-0: Ball
Ronald Naclerio steals 3rd base
James Camacho to second
1-0: Ball
2-0: Ball
3-0: Base on Balls
Batting: RHB Glen Bockhorn 0-0: Called Strike
0-1: Foul Ball, location: 2F
0-2: SINGLE (Line Drive, 7S, EV 88.8 MPH)
Ronald Naclerio scores
James Camacho to third
Oscar Ramirez to second
Runner from 3rd tries for Home, SAFE, throw by LF to home
Batting: SHB Keith Spreckels 0-0: Ball
1-0: Called Strike
1-1: Called Strike
1-2: Foul Ball, location: 2F
1-2: Ball
2-2: Foul Ball, location: 2F
2-2: Ball
3-2: Foul Ball, location: 2F
3-2: Foul Ball, location: 2F
3-2: Base on Balls
Oscar Ramirez to third
Glen Bockhorn to second
Batting: RHB Kevin McGann 0-0: Ball
1-0: Fly out, F9 (Flyball, 9, EV 81.9 MPH)
Batting: RHB Blane McDonald 0-0: Fly out, F8 (Flyball, 8LM, EV 86.3 MPH)
Bottom of the 5th over - 2 runs, 3 hits, 0 errors, 3 left on base; Greensboro 1 - Rocky Mount 3
TOP OF THE 6TH
Greensboro Hornets batting - Pitching for Rocky Mount Leafs : RHP Scott Patterson
Batting: LHB Preston Cash 0-0: Ball
1-0: Foul Ball, location: 2F
1-1: Ball
2-1: Ball
3-1: Base on Balls
Batting: RHB Greg Jelks 0-0: Called Strike
0-1: Ball
1-1: Foul Ball, location: 2F
1-2: Fielders Choice at 2nd, 6-4 (Groundball, 6D, EV 101.9 MPH)
Batting: RHB Bernardo Brito 0-0: Foul Ball, location: 2F
0-1: Ball
1-1: Ball
2-1: Swinging Strike
2-2: Ball
3-2: Strikes out swinging
Greg Jelks is caught stealing 2nd base 2-4
Batter strikes out.
Top of the 6th over - 0 runs, 0 hits, 0 errors, 0 left on base; Greensboro 1 - Rocky Mount 3
BOTTOM OF THE 6TH
Rocky Mount Leafs batting - Pitching for Greensboro Hornets : RHP Mark Dacko
Batting: RHB Sergio Loya 0-0: Called Strike
0-1: Called Strike
0-2: Ball
1-2: Ball
2-2: Strikes out looking
Batting: RHB Tom Goffena 0-0: Fly out, F8 (Flyball, 8RM, EV 91.3 MPH)
Batting: LHB Ronald Naclerio 0-0: Ball
1-0: Ground out U3 (Groundball, 34S, EV 81.9 MPH)
Bottom of the 6th over - 0 runs, 0 hits, 0 errors, 0 left on base; Greensboro 1 - Rocky Mount 3
TOP OF THE 7TH
Greensboro Hornets batting - Pitching for Rocky Mount Leafs : RHP Scott Patterson
Batting: RHB Ed Romero 0-0: Ball
1-0: Called Strike
1-1: Ball
2-1: Foul Ball, location: 2F
2-2: Ball
3-2: DOUBLE (Line Drive, 78D, EV 111.3 MPH)
Batting: RHB Alexis Infante 0-0: Ball
1-0: Ground out 6-3 (Groundball, 6, EV 80.6 MPH)
Batting: RHB John Lohse 0-0: SINGLE (Groundball, 56D, EV 95.6 MPH)
Ed Romero to third
Runner from 3rd tries for Home, SAFE, throw by LF to home
Pinch Hitting: LHB Fernando Vazquez 0-0: Ball
1-0: Ball
2-0: Ball
3-0: Base on Balls
John Lohse to second
Batting: LHB Francisco Melendez 0-0: Ball
1-0: Foul Ball, location: 2F
1-1: SINGLE (Line Drive, 78S, EV 95.0 MPH)
John Lohse to third
Fernando Vazquez to second
Runner from 3rd tries for Home, SAFE, throw by CF to home
Batting: SHB Mark Bailey 0-0: Ball
1-0: Fly out, F8 (Flyball, 8LS, EV 91.3 MPH)
Batting: LHB Preston Cash 0-0: Foul Ball, location: 2F
0-1: Swinging Strike
0-2: Ball
1-2: Strikes out swinging
Top of the 7th over - 2 runs, 3 hits, 0 errors, 2 left on base; Greensboro 3 - Rocky Mount 3
BOTTOM OF THE 7TH
Rocky Mount Leafs batting - Pitching for Greensboro Hornets : RHP Mark Dacko
Now at SS: Ozzie Guillen
Batting: RHB James Camacho 0-0: Ball
1-0: Called Strike
1-1: Fly out, F7 (Flyball, 7D, EV 77.5 MPH)
Pitching: LHP Alan Walker
Batting: LHB Oscar Ramirez 0-0: Swinging Strike
0-1: Ball
1-1: Ball
2-1: Foul Ball, location: 2F
2-2: Ball
3-2: Ground out 1-3 (Groundball, 13S, EV 69.4 MPH)
Batting: RHB Glen Bockhorn 0-0: Called Strike
0-1: Ball
1-1: Ball
2-1: Foul Ball, location: 2F
2-2: Ball
3-2: Base on Balls
Batting: SHB Keith Spreckels 0-0: Ball
1-0: Fly out, F9 (Line Drive, 9, EV 96.3 MPH)
Bottom of the 7th over - 0 runs, 0 hits, 0 errors, 1 left on base; Greensboro 3 - Rocky Mount 3
TOP OF THE 8TH
Greensboro Hornets batting - Pitching for Rocky Mount Leafs : RHP Scott Patterson
Batting: RHB Greg Jelks 0-0: Ball
1-0: Called Strike
1-1: Ground out U3 (Groundball, 3L, EV 101.9 MPH)
Batting: RHB Bernardo Brito 0-0: Called Strike
0-1: Fly out, F8 (Flyball, 8LXD, EV 104.4 MPH)
Batting: RHB Ed Romero 0-0: Fly out, F7 (Flyball, 7D, EV 103.8 MPH)
Top of the 8th over - 0 runs, 0 hits, 0 errors, 0 left on base; Greensboro 3 - Rocky Mount 3
BOTTOM OF THE 8TH
Rocky Mount Leafs batting - Pitching for Greensboro Hornets : LHP Alan Walker
Batting: RHB Kevin McGann 0-0: Ball
1-0: Ball
2-0: Ground out 3-1 (Groundball, 13, EV 91.3 MPH)
Batting: RHB Blane McDonald 0-0: Ball
1-0: Ball
2-0: Called Strike
2-1: Called Strike
2-2: Foul Ball, location: 2F
2-2: Ball
3-2: Ground out 6-3 (Groundball, 6, EV 101.3 MPH)
Batting: RHB Sergio Loya 0-0: Foul Ball, location: 2F
0-1: Ground out 4-3 (Groundball, 34, EV 98.1 MPH)
Bottom of the 8th over - 0 runs, 0 hits, 0 errors, 0 left on base; Greensboro 3 - Rocky Mount 3
TOP OF THE 9TH
Greensboro Hornets batting - Pitching for Rocky Mount Leafs : RHP Scott Patterson
Pitching: RHP Edgar Cruz
Pinch Hitting: RHB Armando Moreno 0-0: Called Strike
0-1: Ball
1-1: Ball
2-1: Ball
3-1: Called Strike
3-2: Base on Balls
Batting: RHB John Lohse 0-0: Ball
1-0: Bunt missed!
1-1: Bunt - Flyout to 2L! F2
Batting: LHB Ozzie Guillen 0-0: Sac Bunt to 2R - play at first, batter OUT! 2-4
Armando Moreno to second
Batting: LHB Francisco Melendez 0-0: Called Strike
0-1: Fly out, F9 (Flyball, 9LM, EV 88.1 MPH)
Top of the 9th over - 0 runs, 0 hits, 0 errors, 1 left on base; Greensboro 3 - Rocky Mount 3
BOTTOM OF THE 9TH
Rocky Mount Leafs batting - Pitching for Greensboro Hornets : LHP Alan Walker
Now at 3B: Armando Moreno
Pinch Hitting: RHB Tom Lawless 0-0: Ball
1-0: Ball
2-0: Called Strike
2-1: Fly out, F7 (Flyball, 7, EV 92.5 MPH)
Pinch Hitting: RHB Theodore Smith 0-0: Called Strike
0-1: Ball
1-1: Ball
2-1: Fly out, F8 (Flyball, 8RM, EV 88.8 MPH)
Batting: RHB James Camacho 0-0: Swinging Strike
0-1: Ball
1-1: Ball
2-1: Foul Ball, location: 2F
2-2: Ground out 6-3 (Groundball, P, EV 83.1 MPH)
Bottom of the 9th over - 0 runs, 0 hits, 0 errors, 0 left on base; Greensboro 3 - Rocky Mount 3
TOP OF THE 10TH
Greensboro Hornets batting - Pitching for Rocky Mount Leafs : RHP Edgar Cruz
Now at SS: Tom Lawless
Now in RF: Theodore Smith
Batting: SHB Mark Bailey 0-0: Called Strike
0-1: Ground out 4-3 (Groundball, 4, EV 90.0 MPH)
Batting: LHB Preston Cash 0-0: Ball
1-0: Ball
2-0: Ball
3-0: Base on Balls
Batting: RHB Greg Jelks 0-0: Ball
1-0: Foul Ball, location: 2F
1-1: Foul Ball, location: 2F
1-2: Ball
2-2: Ball
3-2: Fly out, F8 (Flyball, 8RD, EV 100.6 MPH)
Batting: RHB Bernardo Brito 0-0: Ball
1-0: Foul Ball, location: 2F
1-1: SINGLE (Line Drive, 3, EV 72.5 MPH) (infield hit)
Preston Cash to second
Batting: LHB Stephen DeMatties 0-0: Ball
1-0: Swinging Strike
1-1: Ball
2-1: Ball
3-1: Fielders Choice at 2nd, U4 (Groundball, 4M, EV 88.1 MPH)
Top of the 10th over - 0 runs, 1 hit, 0 errors, 2 left on base; Greensboro 3 - Rocky Mount 3
BOTTOM OF THE 10TH
Rocky Mount Leafs batting - Pitching for Greensboro Hornets : LHP Alan Walker
Pitching: RHP Orlando Ochoa
Batting: LHB Oscar Ramirez 0-0: Ball
1-0: Foul Ball, location: 2F
1-1: Called Strike
1-2: Ball
2-2: Foul Ball, location: 2F
2-2: Ball
3-2: Base on Balls
Batting: RHB Glen Bockhorn 0-0: Ball
1-0: Foul Ball, location: 2F
1-1: Ball
2-1: Foul Ball, location: 2F
2-2: Ball
3-2: Foul Ball, location: 2F
3-2: Strikes out swinging
Batting: SHB Keith Spreckels 0-0: Foul Ball, location: 2F
0-1: Ball
1-1: Called Strike
1-2: Ball
Oscar Ramirez steals 2nd base
2-2: Foul Ball, location: 2F
2-2: Foul Ball, location: 2F
2-2: Ground out 4-3 (Groundball, 4M, EV 93.8 MPH)
Oscar Ramirez to third
Batting: RHB Kevin McGann 0-0: Intentional Walk
Batting: RHB Blane McDonald 0-0: Called Strike
0-1: Ball
1-1: Ground out 5-3 (Groundball, 56S, EV 71.3 MPH)
Bottom of the 10th over - 0 runs, 0 hits, 0 errors, 2 left on base; Greensboro 3 - Rocky Mount 3
TOP OF THE 11TH
Greensboro Hornets batting - Pitching for Rocky Mount Leafs : RHP Edgar Cruz
Batting: RHB Armando Moreno 0-0: Called Strike
0-1: Swinging Strike
0-2: Ball
1-2: Foul Ball, location: 2F
1-2: Strikes out swinging
Batting: RHB John Lohse 0-0: Ground out 6-3 (Groundball, 6, EV 102.5 MPH)
Batting: LHB Ozzie Guillen 0-0: Ball
1-0: Called Strike
1-1: Called Strike
1-2: Foul Ball, location: 2F
1-2: Ground out 6-3 (Groundball, 56, EV 81.3 MPH)
Top of the 11th over - 0 runs, 0 hits, 0 errors, 0 left on base; Greensboro 3 - Rocky Mount 3
BOTTOM OF THE 11TH
Rocky Mount Leafs batting - Pitching for Greensboro Hornets : RHP Orlando Ochoa
Batting: RHB Sergio Loya 0-0: Called Strike
0-1: Ball
1-1: Ball
2-1: Ball
3-1: Foul Ball, location: 2F
3-2: Ground out U3 (Groundball, 34, EV 105.6 MPH)
Batting: RHB Tom Lawless 0-0: Ball
1-0: Ball
2-0: Foul Ball, location: 2F
2-1: Foul Ball, location: 2F
2-2: Fly out, F8 (Line Drive, 8RM, EV 90.6 MPH)
Pitching: RHP Ray Krawczyk
Batting: RHB Theodore Smith 0-0: Ball
1-0: Swinging Strike
1-1: SINGLE (Flyball, 5D, EV 94.4 MPH)
Batting: RHB James Camacho 0-0: Ball
1-0: Ball
2-0: Called Strike
2-1: Fielders Choice at 2nd, 6-4 (Groundball, 56, EV 86.9 MPH)
Bottom of the 11th over - 0 runs, 1 hit, 0 errors, 1 left on base; Greensboro 3 - Rocky Mount 3
TOP OF THE 12TH
Greensboro Hornets batting - Pitching for Rocky Mount Leafs : RHP Edgar Cruz
Batting: LHB Francisco Melendez 0-0: Ball
1-0: Swinging Strike
1-1: Foul Ball, location: 2F
1-2: Ball
2-2: Strikes out looking
Batting: SHB Mark Bailey 0-0: Called Strike
0-1: Ball
1-1: Called Strike
1-2: Fly out, F5 (Line Drive, 5, EV 69.4 MPH)
Batting: LHB Preston Cash 0-0: Ball
1-0: Ball
2-0: Ball
3-0: Base on Balls
Pitching: RHP Kevin Grubbs
Batting: RHB Greg Jelks 0-0: Ball
1-0: Ball
2-0: Called Strike
2-1: SINGLE (Groundball, 6MD, EV 104.4 MPH)
Preston Cash to second
Runner from 2nd tries for 3rd, SAFE, throw by CF made to third
Greg Jelks to second
Batting: RHB Bernardo Brito 0-0: Called Strike
0-1: Ball
1-1: Ball
2-1: Ball
3-1: Foul Ball, location: 2F
3-2: Foul Ball, location: 2F
3-2: Strikes out swinging
Top of the 12th over - 0 runs, 1 hit, 0 errors, 2 left on base; Greensboro 3 - Rocky Mount 3
BOTTOM OF THE 12TH
Rocky Mount Leafs batting - Pitching for Greensboro Hornets : RHP Ray Krawczyk
Batting: LHB Oscar Ramirez 0-0: Ball
1-0: Foul Ball, location: 2F
1-1: Ground out 4-3 (Groundball, 4, EV 110.0 MPH)
Batting: RHB Glen Bockhorn 0-0: Called Strike
0-1: Foul Ball, location: 2F
0-2: Strikes out swinging
Batting: SHB Keith Spreckels 0-0: Called Strike
0-1: Foul Ball, location: 2F
0-2: Strikes out looking
Bottom of the 12th over - 0 runs, 0 hits, 0 errors, 0 left on base; Greensboro 3 - Rocky Mount 3
TOP OF THE 13TH
Greensboro Hornets batting - Pitching for Rocky Mount Leafs : RHP Kevin Grubbs
Batting: LHB Stephen DeMatties 0-0: Ball
1-0: Ball
2-0: Ball
3-0: Base on Balls
Batting: RHB Armando Moreno 0-0: Swinging Strike
0-1: Ball
1-1: Foul Ball, location: 2F
1-2: Foul Ball, location: 2F
1-2: Ball
2-2: Foul Ball, location: 2F
2-2: Foul Ball, location: 2F
2-2: Foul Ball, location: 2F
2-2: Strikes out swinging
Batting: RHB John Lohse 0-0: Ball
1-0: Called Strike
1-1: Called Strike
1-2: Ground out 5-3 (Groundball, 5S, EV 85.0 MPH)
Stephen DeMatties to second
Batting: LHB Ozzie Guillen 0-0: Ground out 1-3 (Groundball, 13S, EV 61.9 MPH)
Top of the 13th over - 0 runs, 0 hits, 0 errors, 1 left on base; Greensboro 3 - Rocky Mount 3
BOTTOM OF THE 13TH
Rocky Mount Leafs batting - Pitching for Greensboro Hornets : RHP Ray Krawczyk
Batting: RHB Kevin McGann 0-0: Ball
1-0: Fly out, F7 (Line Drive, 7, EV 100.6 MPH)
Batting: RHB Blane McDonald 0-0: Ball
1-0: Ground out 6-3 (Groundball, 56, EV 86.3 MPH)
Batting: RHB Sergio Loya 0-0: Swinging Strike
0-1: Ball
1-1: Ball
2-1: Called Strike
2-2: Strikes out looking
Bottom of the 13th over - 0 runs, 0 hits, 0 errors, 0 left on base; Greensboro 3 - Rocky Mount 3
TOP OF THE 14TH
Greensboro Hornets batting - Pitching for Rocky Mount Leafs : RHP Kevin Grubbs
Batting: LHB Francisco Melendez 0-0: Ball
1-0: Ball
2-0: Called Strike
2-1: Foul Ball, location: 2F
2-2: Foul Ball, location: 2F
2-2: DOUBLE (Line Drive, 9LS, EV 95.6 MPH)
Batting: SHB Mark Bailey 0-0: Called Strike
0-1: Ball
1-1: Swinging Strike
1-2: Ball
2-2: Strikes out looking
Batting: LHB Preston Cash 0-0: Intentional Walk
Batting: RHB Greg Jelks 0-0: Called Strike
0-1: SINGLE (Flyball, 5D, EV 93.8 MPH)
Francisco Melendez to third
Preston Cash to second
Batting: RHB Bernardo Brito 0-0: Called Strike
0-1: Foul Ball, location: 2F
0-2: Ball
1-2: Foul Ball, location: 2F
1-2: SINGLE (Groundball, 56D, EV 103.8 MPH)
Francisco Melendez scores
Preston Cash to third
Greg Jelks to second
Runner from 3rd tries for Home, SAFE, throw by LF to home
Batting: LHB Stephen DeMatties 0-0: Swinging Strike
0-1: Swinging Strike
0-2: Ball
1-2: Ball
2-2: SINGLE (Groundball, 4MD, EV 94.4 MPH)
Greg Jelks to third
Bernardo Brito to second
Runner from 3rd tries for Home, SAFE, throw by CF to home
Pitching: RHP Nicolas Decena
Batting: RHB Armando Moreno 0-0: Foul Ball, location: 2F
0-1: Ball
1-1: Ball
2-1: Ball
3-1: Base on Balls
Bernardo Brito to third
Stephen DeMatties to second
Batting: RHB John Lohse 0-0: Ball
1-0: GRAND SLAM HOME RUN (Flyball, 7LD, EV 104.4 MPH), Distance : 364 ft
Batting: LHB Ozzie Guillen 0-0: Ball
1-0: Swinging Strike
1-1: Called Strike
1-2: Strikes out swinging
Batting: LHB Francisco Melendez 0-0: SINGLE (Groundball, 34D, EV 103.8 MPH)
Batting: SHB Mark Bailey 0-0: Ball
1-0: Swinging Strike
1-1: Ball
2-1: Foul Ball, location: 2F
2-2: Strikes out swinging
Top of the 14th over - 7 runs, 6 hits, 0 errors, 1 left on base; Greensboro 10 - Rocky Mount 3
BOTTOM OF THE 14TH
Rocky Mount Leafs batting - Pitching for Greensboro Hornets : RHP Ray Krawczyk
Pinch Hitting: RHB Nario Campione 0-0: Ball
1-0: Ball
2-0: Ball
3-0: Ground out 5-3 (Groundball, 56, EV 100.6 MPH)
Pinch Hitting: RHB Julio Beltran 0-0: Swinging Strike
0-1: Foul Ball, location: 2F
0-2: Ball
1-2: Ball
2-2: Ball
3-2: Foul Ball, location: 2F
3-2: Base on Balls
Batting: RHB James Camacho 0-0: Ball
1-0: Fielders Choice at 2nd, 6-4 (Groundball, 6, EV 100.0 MPH)
Batting: LHB Oscar Ramirez 0-0: Swinging Strike
0-1: Ball
1-1: Ball
2-1: Foul Ball, location: 2F
2-2: Foul Ball, location: 2F
2-2: Fly out, F9 (Line Drive, 9, EV 88.1 MPH)
Bottom of the 14th over - 0 runs, 0 hits, 0 errors, 1 left on base; Greensboro 10 - Rocky Mount 3
Thursday, August 13th, 2020 - OOTP Baseball 21.5 Build 76